 Dungeon Crawl Stone Soup version 0.27.1-4-g1640c2035a (webtiles) character file.

Game seed: 5247635839081828283

197183 Morraconda the Warrior (level 18, 0/267 HPs)
             Began as a Minotaur Berserker on Nov 4, 2021.
             Was the Champion of Trog.
             Shot with an arrow by Vashnia (2 damage)
             ... on level 4 of the Snake Pit.
             The game lasted 00:44:58 (33791 turns).

Morraconda the Warrior (Minotaur Berserker)        Turns: 33791, Time: 00:44:58

Health: 0/267      AC: 30    Str: 33    XL:     18   Next: 17%
Magic:  17/17      EV: 17    Int:  4    God:    Trog [******]
Gold:   461        SH: 16    Dex: 23    Spells: 17/17 levels left

rFire    + + .     SeeInvis +   a - +5 broad axe "Rahykk" {vorpal, rF++ Str+4}
rCold    + . .     Faith    .   D - +0 kite shield "Ully" {Dex+4}
rNeg     + . .     Spirit   .   M - +3 chain mail {rPois}
rPois    +         Reflect  .   F - +0 mask of the Dragon {Will+ Slay+3 SInv}
rElec    +         Harm     .   l - +2 cloak
rCorr    +         Rampage  .   B - +4 pair of gloves of Pyij {rElec rN+ Dex+2}
Will     ++...                  m - +2 pair of boots
Stlth    ..........             c - amulet of regeneration
HPRegen  1.54/turn              I - ring of Veocla {+Blink rC+ rCorr Slay+3 Stlth+, =R}
MPRegen  0.15/turn              T - +6 ring of dexterity

@: berserking, very quick
A: horns 2, retaliatory headbutt, deterioration 1
a: Renounce Religion, Evoke Blink, Berserk, Trog's Hand, Brothers in Arms


You were on level 4 of the Snake Pit.
You worshipped Trog.
Trog was exalted by your worship.
You visited 4 branches of the dungeon, and saw 27 of its levels.
You visited the Abyss 2 times.
You also visited: Sewer, Bailey and Volcano.

You collected 3850 gold pieces.
You spent 3389 gold pieces at shops.

Inventory:

Hand Weapons
 a - the +5 broad axe "Rahykk" (weapon) {vorpal, rF++ Str+4}
   (Trog gifted it to you on level 6 of the Lair of Beasts)

   It inflicts extra damage upon your enemies.
   Str:       It affects your strength (+4).
   rF:        It greatly protects you from fire.
 b - a +5 broad axe of flaming
   (Trog gifted it to you on level 3 of the Lair of Beasts)
Missiles
 r - 6 throwing nets (quivered) {!f}
Armour
 l - a +2 cloak (worn)
   (You found it on level 3 of the Dungeon)
 m - a +2 pair of boots (worn)
   (You found it on level 3 of the Dungeon)
 B - the +4 pair of gloves of Pyij (worn) {rElec rN+ Dex+2}
   (You found it on level 13 of the Dungeon)

   Dex:       It affects your dexterity (+2).
   rElec:     It insulates you from electricity.
   rN:        It protects you from negative energy.
 D - the +0 kite shield "Ully" (worn) {Dex+4}
   (You found it on level 12 of the Dungeon)

   Dex:       It affects your dexterity (+4).
 F - the +0 mask of the Dragon (worn) {Will+ Slay+3 SInv}
   (You bought it in a shop on level 6 of the Dungeon)

   Slay:      It affects your accuracy & damage with ranged weapons and melee
   (+3).
   SInv:      It lets you see invisible.
   Will:      It increases your willpower.
 M - a +3 chain mail of poison resistance (worn)
   (You bought it in a shop on level 11 of the Dungeon)
 P - the +1 plate armour of the Present {Will+}
   (You found it on level 4 of the Lair of Beasts)

   Will:      It increases your willpower.
Jewellery
 c - an amulet of regeneration (around neck)
   (You found it on level 14 of the Dungeon)
 q - an amulet of reflection
   (You found it on level 2 of the Snake Pit)
 I - the ring of Veocla (left hand) {+Blink rC+ rCorr Slay+3 Stlth+, =R}
   (You bought it in a shop on level 14 of the Dungeon)

   [ring of resist corrosion]

   Slay:      It affects your accuracy & damage with ranged weapons and melee
   (+3).
   rC:        It protects you from cold.
   +Blink:    It lets you blink.
   rCorr:     It protects you from acid and corrosion.
   Stlth:     It makes you more stealthy.
 Q - a +6 ring of intelligence
   (You found it on level 4 of the Lair of Beasts)
 T - a +6 ring of dexterity (right hand)
   (You found it on level 12 of the Dungeon)
Wands
 o - a wand of flame (95)
   (You took it off Pikel on level 7 of the Dungeon)
 w - a wand of iceblast (30)
   (You found it on level 6 of the Dungeon)
 H - a wand of polymorph (11)
   (You found it on level 9 of the Dungeon)
 K - a wand of mindburst (25)
   (You found it on level 10 of the Dungeon)
Scrolls
 i - a scroll of holy word
 k - 2 scrolls of silence {unknown}
 p - a scroll of enchant weapon
 s - a scroll of summoning {!r}
 t - 13 scrolls of teleportation {!r}
 y - 2 scrolls of magic mapping {unknown}
 A - 4 scrolls of fear {!r}
 L - 6 scrolls of noise
 S - 7 scrolls of fog {unknown}
 X - 3 scrolls of blinking
Potions
 d - 5 potions of heal wounds
 e - 5 potions of curing
 g - 9 potions of mutation {!q}
 h - 9 potions of haste
 j - 4 potions of might
 n - a potion of cancellation
 u - 3 potions of resistance
 v - a potion of magic
 x - a potion of ambrosia {!q}
 C - a potion of invisibility {unknown}
 E - 4 potions of flight
 J - 6 potions of lignification
 N - 5 potions of attraction
 O - 3 potions of berserk rage {unknown}
Miscellaneous
 G - a phial of floods
   (You found it on level 2 of the Snake Pit)


   Skills:
 * Level 19.9 Fighting
 - Level 18.0 Axes
 + Level 17.4 Armour
 - Level 10.0 Dodging
 * Level 14.9 Shields
 - Level 10.0 Evocations


You had 17 spell levels left.
You didn't know any spells.
Your spell library was empty.

Dungeon Overview and Level Annotations

Branches:
Dungeon (15/15)            Temple (0/1) D:4            Lair (6/6) D:11
 Shoals (0/4) Lair:3        Snake (4/4) Lair:3        Slime (0/5) Lair:5
    Orc (2/2) D:11            Elf (0/3) Orc:2        Vaults (0/5) D:13
 Depths (0/5) D:15          Sewer (visited)          Bailey (visited)
Volcano (visited)

Altars:
Ashenzari
Dithmenos
Elyvilon
Fedhas
Makhleb
Okawaru
Trog
Xom
Zin

Shops:
D:4 *   D:6 [*   D:11 [   D:13 :   D:14 ((=[*   Orc:2 [(*(   Snake:1 :=:

Portals:
Hell: Lair:6
Trove: D:15 (lose all piety)

Annotations:
D:13 exclusion: orange crystal statue
Snake:4 Vashnia


Innate Abilities, Weirdness & Mutations

You have a pair of horns on your head.
You reflexively headbutt those who attack you in melee.
Your body sometimes deteriorates upon taking damage.


Message History

You barely miss the anaconda.
Your troll bites the naga warrior!!
Your troll claws the naga warrior! x2; The anaconda closely misses you.
The anaconda constricts you.
Unknown command.
You slice the anaconda!!
You kill the anaconda!
Trog accepts your kill.
You feel sick. You block the naga's attack.
The naga sharpshooter spits poison at you.
The splash of poison misses you.
Your troll bites the naga warrior.
Your troll claws the naga warrior.
Your troll claws the naga warrior but does no damage.
Unknown command.
The naga warrior shouts!
The guardian serpent closely misses you.
You furiously retaliate!
You headbutt the guardian serpent.
The nagaraja hits you from afar with a +0 spear!
* * * LOW HITPOINT WARNING * * *
The naga warrior hits you from afar with a +0 trident!
* * * LOW HITPOINT WARNING * * *
Vashnia shoots an arrow.
The arrow hits you!
* * * LOW HITPOINT WARNING * * *
The arrow freezes you.
* * * LOW HITPOINT WARNING * * *
Your troll bites the naga warrior!!
The naga warrior dies!
Trog accepts your kill. You block the naga's attack.
You block the guardian serpent's attack.
Unknown command.
You slash Vashnia! Your headbutt misses Vashnia.
Vashnia is lightly wounded.
You closely miss the naga sharpshooter. You miss the guardian serpent.
You feel sick.
The naga sharpshooter mumbles some strange words.
The naga sharpshooter magically shoots an arrow.
The arrow barely misses you. You block the nagaraja's attack.
Unknown command.
You slice Vashnia!! You headbutt Vashnia!
Vashnia is moderately wounded.
You slash the guardian serpent! You slice the nagaraja!!
You slash the naga sharpshooter!
The guardian serpent closely misses you.
You block the naga warrior's attack.
Vashnia shoots an arrow.
You block the arrow. The naga hits you but does no damage.
You slash Vashnia! Your headbutt misses Vashnia.
Vashnia is heavily wounded.
You slice the guardian serpent!! You slash the nagaraja!
You hit the naga sharpshooter.
You feel sick.
The nagaraja points at you and mumbles some strange words.
The poison arrow misses you.
The naga sharpshooter shoots an arrow.
You block the arrow.
The guardian serpent completely misses you.
You furiously retaliate!
You headbutt the guardian serpent!
Your troll bites the nagaraja!
Your troll claws the nagaraja!
Your troll closely misses the nagaraja.
The nagaraja hits you from afar with a +0 spear!
* * * LOW HITPOINT WARNING * * *
Unknown command.
You slash Vashnia! Your headbutt misses Vashnia.
Vashnia is heavily wounded.
You slice the guardian serpent!!
You kill the guardian serpent!
Trog accepts your kill.
Trog appreciates your killing of a magic user.
Trog grants you a weapon! Something appears at your feet!
You see here a +4 antimagic broad axe.
You slash the nagaraja!
You kill the nagaraja!
Trog accepts your kill.
Trog appreciates your killing of a magic user.
You slash the naga sharpshooter! The naga warrior barely misses you.
Vashnia casts a spell.
Vashnia magically shoots an arrow.
The arrow hits you!!
* * * LOW HITPOINT WARNING * * *
You block the naga's attack.
Unknown command.
You slice Vashnia!!
Vashnia is severely wounded.
You hit the naga sharpshooter.
You feel sick.
You are no longer poisoned.
The naga sharpshooter shoots an arrow.
You block the arrow.
The nagaraja hits you from afar with a +0 spear!!
* * * LOW HITPOINT WARNING * * *
Unknown command.
Unknown command.
You closely miss Vashnia. You headbutt Vashnia!
Vashnia is almost dead.
You barely miss the naga sharpshooter.
The nagaraja no longer looks unusually strong.
The naga no longer looks unusually strong.
Your troll barely misses the naga sharpshooter.
Your troll misses the naga sharpshooter.
Your troll closely misses the naga sharpshooter.
The naga warrior roars a battlecry!
The nagas go into a battle-frenzy!
Vashnia shoots an arrow.
The arrow hits you!!
* * * LOW HITPOINT WARNING * * *
The arrow freezes you.
You die...

# #########....#
#
###...).......##
#
##...........###
# #.....########
# #....### #
##..)..#### #
##...))).## #
##..).)..# #
####@T.## #
#.NNN.# #
...NN....## #
#....N⌠....(# #
#....N......## #
#....8.N.8....#
#
#.⌠.........⌠.##
#
.....8...8.....#
# ...SN.N§S.#


You could see Vashnia (strong), 2 naga warriors, a nagaraja (strong, curare), a
naga sharpshooter (strong, ally target), a naga mage (strong), 2 nagas and a
friendly troll (summoned, berserk).

Vanquished Creatures
  A bone dragon (Abyss:2)
  The ghost of PanSaczeczos the Severer, an adept DrGl of Trog (Snake:2)
  A tentacled starspawn (Abyss:2)
  6 nagarajas (Snake:2 Snake:3 Snake:4)
  A cacodemon (Abyss:2)
  A vampire knight (D:13)
  A red draconian (Volcano)
  An eidolon (Abyss:3)
  Josephine (D:10)
  Erolcha (Orc:1)
  10 naga warriors (Snake:1 Snake:2 Snake:3 Snake:4)
  Harold (Lair:2)
  2 salamander tyrants (Snake:2 Snake:4)
  2 fire dragons (D:13 D:15)
  A great orb of eyes (Abyss:3)
  3 boulder beetles (Lair:1 Lair:6 D:13)
  2 catoblepae (Lair:6 D:14)
  An ogre mage (Volcano)
  A vault guard (D:13)
  8 hydras (Lair:2 Lair:3 Lair:5 D:14 D:15)
  15 anacondas (Snake:1 Snake:2 Snake:3 Snake:4)
  5 two-headed ogres (Volcano)
  4 centaur warriors (D:13 D:15)
  3 death knights (D:13 D:14 D:15)
  3 death yaks (Lair:6)
  9 shock serpents (Snake:1 Snake:2 Snake:3 Snake:4)
  A tengu warrior (D:15)
  3 orc high priests (Orc:2)
  Sonja (Lair:1)
  A shock serpent (shapeshifter) (D:15)
  10 naga sharpshooters (Snake:1 Snake:2 Snake:3 Snake:4)
  A deep elf knight (D:13)
  2 hell hogs (Abyss:3)
  3 wretched stars (Abyss:3 Abyss:2)
  3 sixfirhies (Lair:6 Abyss:2)
  5 salamander mystics (Snake:1 Snake:2 Snake:3 Snake:4)
  10 skeletal warriors (D:12 D:13 D:14)
  The ghost of othur the Blocker, a novice FoFi of Qazlal (D:7)
  5 sea snakes (Snake:3 Snake:4)
  6 orc knights (Bailey D:11 Orc:2)
  2 wizards (Lair:6 D:14)
  11 naga ritualists (Snake:2 Snake:3 Snake:4)
  3 deep elf pyromancers (D:12 D:13 D:14)
  3 phantasmal warriors (D:14 D:15)
  23 ugly things (D:13 D:14 D:15)
  Pikel (D:7)
  12 mana vipers (Snake:1 Snake:2 Snake:3 Snake:4)
  12 salamanders (Snake:2 Snake:3 Snake:4)
  3 orc sorcerers (Orc:2)
  5 manticores (D:11 D:13 D:15)
  A will-o-the-wisp (Abyss:2)
  5 oklob plants (Lair:4 Lair:2)
  4 slime creatures (D:12 D:15)
  A worldbinder (Abyss:2)
  8 cyclopes (D:11 D:12 D:13 D:15)
  A stone giant skeleton (Abyss:2)
  12 naga magi (Snake:1 Snake:2 Snake:3 Snake:4)
  11 elephants (Lair:2 Lair:6)
  42 black mambas (Lair:3 Lair:6 Snake:1 Snake:2 Snake:3)
  9 guardian serpents (Snake:2 Snake:3 Snake:4)
  4 gargoyles (D:9 D:10 D:11 D:13)
  4 orange demons (Lair:6 Abyss:2)
  9 cane toads (Lair:1 Lair:2 Lair:3 Lair:4 Lair:5)
  2 large abominations (Abyss:3)
  An unseen horror (D:10)
  A hellion (Abyss:2)
  4 smoke demons (Abyss:3 Lair:6 Abyss:2)
  Maggie (D:7)
  5 rime drakes (Lair:1 Lair:6)
  2 efreet (D:15 D:14)
  4 freezing wraiths (D:13 D:14 D:15)
  A yaktaur (D:13)
  An ice devil (Lair:6)
  13 komodo dragons (D:10 Lair:1 Lair:2 Lair:3 Lair:4)
  A red devil (Lair:6)
  A polar bear (shapeshifter) (D:15)
  11 trolls (D:9 D:10 Orc:1 Orc:2 D:13)
  2 polar bears (Lair:2 Lair:4)
  2 hornets (D:8 D:13)
  2 raiju (Abyss:3 Abyss:2)
  17 blink frogs (Lair:3 Lair:4 Lair:5 Lair:6)
  4 shadows (D:12 D:13)
  49 yaks (D:9 D:10 D:11 Lair:1 Lair:2)
  2 vampires (D:9 D:13)
  11 wraiths (D:8 D:10 D:11 Abyss:3 D:13)
  A ynoxinul (Abyss:3)
  3 wyverns (D:8 D:10 Lair:2)
  2 basilisks (Lair:6 D:13)
  A water elemental (D:15)
  4 vampire mosquitoes (D:13)
  49 nagas (Lair:3 Snake:1 Snake:2 Snake:3 Snake:4)
  Menkaure (D:7)
  An acid dragon (D:9)
  3 wargs (Orc:1 Orc:2)
  A swamp worm (shapeshifter) (D:13)
  6 hell hounds (Lair:5 Lair:6)
  20 water moccasins (Lair:2 Lair:3 Lair:4 Lair:5 Lair:6)
  3 small abominations (Abyss:2)
  3 black bears (D:6 D:7 Lair:5)
  A hornet zombie (D:8)
  2 ice beasts (D:5 D:7)
  24 orc warriors (D:8 D:9 Bailey D:11 Orc:1)
  9 ogres (D:3 D:5 D:6 Orc:1 Orc:2)
  A wolf (shapeshifter) (D:13)
  34 wolves (Lair:1 Lair:4 Lair:3 Lair:5 Lair:6)
  6 centaurs (D:8 D:10 D:15)
  2 lemures (D:7)
  2 kobold brigands (D:5 D:7)
  11 bullfrogs (D:9 Lair:1 Lair:2 Lair:3 Lair:4)
  2 gnoll sergeants (D:7 D:9)
  A scorpion (D:5)
  9 killer bees (D:9 D:11)
  4 wights (D:8)
  6 electric eels (D:14 D:15)
  5 howler monkeys (D:5 D:9)
  A bullfrog zombie (D:6)
  7 centaur zombies (D:6 D:7 D:9 D:10 D:11)
  9 starcursed masses (Abyss:3 Abyss:2 Snake:4)
  12 orc priests (D:4 D:5 D:6 D:8 D:9)
  A gnoll shaman (D:6)
  7 hounds (D:5 D:6)
  4 jellies (Lair:5 Abyss:3)
  Crazy Yiuf (D:7)
  2 iguanas (D:5 D:6)
  18 orc wizards (D:5 D:6 D:7 D:8 D:9)
  A hound skeleton (D:4)
  19 gnolls (D:3 D:4 D:6 D:7 D:9)
  7 adders (D:2 D:4 D:5 D:6)
  2 white imps (D:7 D:8)
  A worm (D:3)
  A dart slug (D:1)
  58 orcs (D:3 D:4 D:5 D:6 D:7)
  7 endoplasms (D:3 D:4 Sewer Lair:5)
  2 giant cockroaches (D:2 Sewer)
  7 goblins (D:1 D:9)
  6 hobgoblins (D:1 D:2 D:3)
  7 jackals (D:3 D:4)
  28 kobolds (D:1 D:2 Sewer D:4 D:5)
  3 quokkas (D:1 D:3 D:4)
  8 ball pythons (D:1 D:3 D:4 Sewer)
  12 bats (D:1 D:2 D:3 Sewer)
  4 frilled lizards (D:1 D:2 D:3 Sewer)
  6 rats (D:1 D:2 D:3)
918 creatures vanquished.

Vanquished Creatures (collateral kills)
  2 nagarajas (Snake:4)
  Louise (Snake:4)
  3 naga warriors (Snake:3 Snake:4)
  A shock serpent (Snake:4)
  3 sea snakes (Snake:3)
  A mana viper (Snake:3)
  A guardian serpent (Snake:4)
  5 black mambas (Snake:3)
  A gnoll shaman (D:9)
  An orc priest (D:9)
  4 gnolls (D:9)
  An orc (D:9)
24 creatures vanquished.

Vanquished Creatures (others)
  An anaconda (Snake:4)
  An orc priest (Orc:2)
  An orc wizard (Orc:2)
  4 foxfires (Abyss:2)
  13 fungi (D:7 Lair:1 Lair:2 Lair:3 Lair:4)
  51 plants (Sewer Lair:1 Lair:3 Lair:4 Lair:5)
  4 starspawn tentacles (Abyss:2)
75 creatures vanquished.

Grand Total: 1017 creatures vanquished

Notes
Turn   | Place    | Note
-------+----------+-------------------------------------------
     0 | D:1      | Morraconda the Minotaur Berserker began the quest for the
                  | Orb.
     0 | D:1      | Reached XP level 1. HP: 19/19 MP: 0/0
   250 | D:1      | Reached XP level 2. HP: 16/27 MP: 1/1
   752 | D:1      | Reached skill level 4 in Fighting
  1409 | D:2      | Reached XP level 3. HP: 33/33 MP: 2/2
  1568 | D:2      | Reached skill level 1 in Shields
  1716 | D:2      | Reached skill level 5 in Axes
  1832 | D:3      | Reached ** piety under Trog
  1923 | D:3      | Found a white marble altar of Elyvilon.
  1971 | D:3      | Reached XP level 4. HP: 41/41 MP: 3/3
  1993 | D:3      | HP: 19/41 [gnoll (3)]
  1997 | D:3      | HP: 8/41 [gnoll (6)]
  2357 | D:3      | Found a faded altar of an unknown god.
  2738 | D:3      | Noticed an ogre
  2746 | D:3      | Killed an ogre
  2747 | D:3      | Reached XP level 5. HP: 47/47 MP: 4/4
  2976 | D:3      | Reached skill level 5 in Fighting
  3218 | D:4      | Found a staircase to the Ecumenical Temple.
  3260 | D:4      | Identified the +0 barding of Soft Rains {rElec rC+ Dex+6}
  3306 | D:4      | Found a glowing drain.
  3315 | Sewer    | Entered a sewer
  3699 | Sewer    | Reached *** piety under Trog
  3780 | D:4      | Reached XP level 6. HP: 56/56 MP: 5/5
  3888 | D:4      | Found a bloodstained altar of Trog.
  3950 | D:4      | Found Goixamoz's General Store.
  4087 | D:5      | Entered Level 5 of the Dungeon
  4123 | D:5      | Reached XP level 7. HP: 62/62 MP: 6/6
  4162 | D:5      | Reached skill level 6 in Fighting
  4344 | D:5      | Reached **** piety under Trog
  4588 | D:6      | Reached XP level 8. HP: 61/71 MP: 7/7
  4652 | D:6      | Found Mysuka's Assorted Antiques.
  4659 | D:6      | Bought a scroll labelled ABI VANOCU for 27 gold pieces
  4659 | D:6      | Bought a scroll labelled MYSECUE XEHOFELOU for 27 gold
                  | pieces
  4838 | D:6      | Reached skill level 5 in Armour
  4845 | D:6      | Reached skill level 7 in Fighting
  5059 | D:6      | Found Reeceol's Antique Armour Shoppe.
  5337 | D:7      | Noticed Pikel
  5355 | D:7      | Killed Pikel
  5356 | D:7      | Reached skill level 10 in Axes
  5651 | D:7      | Reached XP level 9. HP: 81/81 MP: 8/8
  5682 | D:7      | Reached ***** piety under Trog
  5723 | D:7      | Reached skill level 8 in Fighting
  5815 | D:7      | Noticed Menkaure
  5819 | D:7      | HP: 31/81 [??? (28)]
  5822 | D:7      | HP: 15/121 [Menkaure (18)]
  5823 | D:7      | Killed Menkaure
  6238 | D:7      | Noticed Maggie
  6246 | D:7      | Killed Maggie
  6481 | D:7      | Found a runed translucent door.
  6482 | D:7      | Noticed othur's ghost (novice FoFi)
  6551 | D:7      | Found a broken altar of Ashenzari.
  7056 | D:7      | Killed othur's ghost
  7176 | D:7      | Found a runed translucent door.
  7177 | D:7      | Noticed Crazy Yiuf
  7183 | D:7      | Killed Crazy Yiuf
  7254 | D:8      | Found a shadowy altar of Dithmenos.
  7307 | D:8      | Reached skill level 9 in Fighting
  7314 | D:8      | HP: 41/83 [hornet zombie (6)]
  7687 | D:8      | Reached XP level 10. HP: 88/90 MP: 9/9
  7807 | D:8      | Found a blossoming altar of Fedhas.
  7986 | D:8      | Found a shimmering altar of Xom.
  8082 | D:6      | Bought a pair of spiked gloves for 275 gold pieces
  8082 | D:6      | Identified the +2 pair of gloves "Seitt" {rF- Dex+7} (You
                  | bought it in a shop on level 6 of the Dungeon)
  8394 | D:9      | Found a flagged portal.
  8405 | Bailey   | Entered a bailey
  8662 | Bailey   | HP: 36/93 [orc/bolt (12)]
  8666 | Bailey   | HP: 17/93 [orc/bolt (7)]
  9484 | Bailey   | HP: 43/93 [orc warrior/bolt (12)]
  9491 | Bailey   | HP: 60/139 [orc (2)]
  9760 | Bailey   | HP: 46/93 [orc/bolt (10)]
  9767 | Bailey   | Reached skill level 10 in Fighting
 10002 | Bailey   | Reached skill level 1 in Evocations
 10052 | Bailey   | Noticed an orc knight
 10105 | Bailey   | Received a gift from Trog
 10118 | Bailey   | Killed an orc knight
 10387 | D:9      | Acquired 1097 gold pieces
 10461 | D:6      | Bought the +0 mask of the Dragon {Will+ Slay+3 SInv} for
                  | 968 gold pieces
 10461 | D:6      | Found the +0 mask of the Dragon {Will+ Slay+3 SInv}
 10477 | D:6      | Bought a dented bronze amulet for 135 gold pieces
 11039 | D:10     | Entered Level 10 of the Dungeon
 11039 | D:10     | Noticed a gargoyle
 11065 | D:9      | Killed a gargoyle
 11143 | D:10     | Found an iron altar of Okawaru.
 11156 | D:10     | Reached XP level 11. HP: 99/101 MP: 10/10
 11432 | D:10     | Noticed Josephine
 11445 | D:10     | Killed Josephine
 11589 | D:10     | Reached skill level 10 in Armour
 11672 | D:10     | Found a glowing silver altar of Zin.
 11961 | D:10     | Reached skill level 11 in Fighting
 12282 | D:11     | Noticed an orc knight
 12295 | D:11     | Killed an orc knight
 12303 | D:11     | Reached skill level 5 in Dodging
 12431 | D:11     | Found a staircase to the Orcish Mines.
 12434 | D:11     | Found Zasheid's Armour Emporium.
 12640 | D:11     | Bought a +3 chain mail of poison resistance for 258 gold
                  | pieces
 12735 | D:11     | Reached skill level 15 in Axes
 13129 | D:11     | Found a staircase to the Lair.
 13280 | Lair:1   | Entered Level 1 of the Lair of Beasts
 13306 | Lair:1   | Reached XP level 12. HP: 79/110 MP: 6/11
 13308 | Lair:1   | HP: 50/110 [yak (11)]
 13316 | Lair:1   | Noticed Sonja
 13318 | Lair:1   | HP: 74/165 [Sonja (5)]
 13322 | Lair:1   | Killed Sonja
 13323 | Lair:1   | HP: 54/165 [poisoned by Sonja]
 13328 | Lair:1   | HP: 30/110 [poisoned by Sonja]
 13745 | Lair:1   | Noticed a boulder beetle
 13767 | Lair:1   | HP: 54/110 [boulder beetle (4)]
 13769 | Lair:1   | Killed a boulder beetle
 13770 | Lair:1   | Reached skill level 5 in Evocations
 14691 | Lair:2   | Noticed Harold
 14703 | Lair:2   | Killed Harold
 14704 | Lair:2   | Reached skill level 12 in Fighting
 14757 | Lair:2   | Identified the +2 leather armour of the Lotus Blossom
                  | {-Cast rN+ Will+ Str+4 Dex+2}
 14872 | Lair:2   | HP: 54/112 [komodo dragon (10)]
 15632 | Lair:2   | Noticed a four-headed hydra
 15637 | Lair:2   | Killed a three-headed hydra
 15977 | Lair:3   | Found a staircase to the Shoals.
 16299 | Lair:3   | Noticed a four-headed hydra
 16308 | Lair:3   | Killed a one-headed hydra
 16309 | Lair:3   | Reached XP level 13. HP: 108/119 MP: 7/12
 16531 | Lair:3   | Received a gift from Trog
 16608 | Lair:3   | Found a staircase to the Snake Pit.
 17104 | Lair:4   | HP: 51/119 [blink frog (11)]
 17109 | Lair:4   | HP: 40/119 [blink frog (8)]
 17479 | Lair:4   | Reached skill level 13 in Fighting
 17866 | Lair:4   | Identified the +1 plate armour of the Present {Will+}
 18491 | Lair:5   | Found a dark tunnel.
 18538 | Volcano  | Entered a volcano
 18730 | Volcano  | Paralysed by an ogre mage for 3 turns
 18947 | Volcano  | Noticed a red draconian
 18966 | Volcano  | Killed a red draconian
 19263 | Lair:5   | Identified the +3 scale mail "Qonaxt" {rC+ SInv}
 19796 | Lair:5   | Found a staircase to the Slime Pits.
 20187 | Lair:6   | Entered Level 6 of the Lair of Beasts
 20268 | Lair:6   | Reached ****** piety under Trog
 20273 | Lair:6   | Identified the +5 broad axe "Rahykk" {vorpal, rF++ Str+4}
                  | (Trog gifted it to you on level 6 of the Lair of Beasts)
 20273 | Lair:6   | Received a gift from Trog
 20286 | Lair:6   | Reached XP level 14. HP: 95/130 MP: 9/13
 20551 | Lair:6   | Reached skill level 14 in Fighting
 21243 | Lair:6   | Cast into level 3 of the Abyss (a wizard)
 21251 | Abyss:3  | Found a corrupted altar of Lugonu.
 21259 | Abyss:3  | Found a transporter.
 21313 | Abyss:3  | Noticed a starcursed mass
 21426 | Lair:6   | Escaped the Abyss
 21472 | Lair:6   | Found a burning altar of Makhleb.
 21501 | Lair:6   | HP: 58/133 [sixfirhy (9)]
 21502 | Lair:6   | HP: 28/133 [sixfirhy (8)]
 21546 | Lair:6   | HP: 60/133 [orange demon (1)]
 21788 | Lair:6   | Found a gateway to Hell.
 22462 | Orc:1    | Entered Level 1 of the Orcish Mines
 22569 | Orc:1    | Found a shimmering altar of Xom.
 22637 | Orc:1    | Noticed Erolcha
 22656 | Orc:1    | Killed Erolcha
 22811 | Orc:2    | Entered Level 2 of the Orcish Mines
 23163 | Orc:2    | Found a staircase to the Elven Halls.
 23195 | Orc:2    | Reached skill level 15 in Fighting
 23213 | Orc:2    | Received a gift from Trog
 23609 | Orc:2    | Reached XP level 15. HP: 112/141 MP: 11/14
 24007 | Orc:2    | Found Mozibiorr's Weapon Shop.
 24007 | Orc:2    | Found Asotonih's Antique Armour Emporium.
 24019 | Orc:2    | HP: 63/131 [orc high priest (4)]
 24237 | Orc:2    | Found Muqothrer's Assorted Antiques.
 24237 | Orc:2    | Found Doakk's Weapon Emporium.
 24248 | Orc:2    | Bought a brown potion for 27 gold pieces
 24248 | Orc:2    | Bought a brown potion for 27 gold pieces
 24248 | Orc:2    | Bought a scroll labelled VINTAYNATI for 31 gold pieces
 24248 | Orc:2    | Bought a scroll labelled MOSONI REUWK for 31 gold pieces
 24248 | Orc:2    | Bought a scroll of teleportation for 93 gold pieces
 24255 | Orc:2    | Bought a shimmering plate armour for 644 gold pieces
 24255 | Orc:2    | Identified the +3 plate armour of the Dozen Eyes {rC++
                  | Dex+2} (You bought it in a shop on level 2 of the Orcish
                  | Mines)
 24396 | D:12     | Identified the +2 ring mail of Measy {rC+ Will+ Str-5}
 24651 | D:12     | HP: 64/141 [skeletal warrior[a skeletal warrior] (17)]
 25156 | D:12     | Identified the +0 kite shield "Ully" {Dex+4}
 25262 | D:13     | HP: 58/141 [centaur warrior/arrow (18)]
 25267 | D:13     | HP: 46/141 [vampire mosquito (4)]
 25669 | D:13     | Found Genaw's Book Boutique.
 25685 | D:13     | Identified the +4 pair of gloves of Pyij {rElec rN+ Dex+2}
 25882 | D:13     | Reached skill level 5 in Shields
 25908 | D:13     | Found a runed translucent door.
 25912 | D:13     | Identified the +8 dagger "Nenn" {elec, MP+9}
 25913 | D:13     | Identified the +10 morningstar of Disarray {vamp, Drain
                  | +Blink rC+ Dex+7}
 26063 | D:13     | Reached skill level 15 in Armour
 26131 | D:13     | Found a gate to the Vaults.
 26869 | D:14     | Received a gift from Trog
 27011 | D:14     | Reached skill level 16 in Fighting
 27017 | D:14     | Reached skill level 10 in Dodging
 27098 | D:14     | Found Xiepil's Jewellery Emporium.
 27334 | D:14     | Found Wapnil's Antique Weapon Shoppe.
 27365 | D:14     | Found Ehuih's Antique Weapon Shoppe.
 27465 | D:14     | Found Zaix's General Store.
 27558 | D:14     | You fall into a shaft and drop 1 floor!
 27558 | D:15     | Entered Level 15 of the Dungeon
 27581 | D:15     | HP: 63/144 [phantasmal warrior[a death knight] (18)]
 27586 | D:15     | HP: 48/144 [eight-headed hydra (10)]
 27734 | D:15     | HP: 67/145 [manticore/volley of spikes (24)]
 27740 | D:15     | HP: 57/145 [manticore (17)]
 27838 | D:15     | Reached XP level 16. HP: 152/152 MP: 15/15
 28083 | D:15     | Found a portal to a secret trove of treasure.
 28247 | D:15     | Found a staircase to the Depths.
 28709 | D:14     | Found Effat's Antique Armour Boutique.
 28888 | D:14     | Bought the ring of Veocla {+Blink rC+ rCorr Slay+3 Stlth+}
                  | for 846 gold pieces
 29096 | Snake:1  | Entered Level 1 of the Snake Pit
 29113 | Snake:1  | Reached skill level 10 in Evocations
 29538 | Snake:1  | Reached skill level 17 in Fighting
 30182 | Snake:1  | Found Mitsis's Book Shoppe.
 30182 | Snake:1  | Found Epnatuch's Jewellery Boutique.
 30183 | Snake:1  | Found Uzo Vyi's Book Shoppe.
 30288 | Snake:2  | Received a gift from Trog
 30326 | Snake:2  | Reached skill level 10 in Shields
 30807 | Snake:2  | Found a runed translucent gate.
 30807 | Snake:2  | Found a runed translucent gate.
 30811 | Snake:2  | Found a runed translucent gate.
 30812 | Snake:2  | Noticed PanSaczeczos's ghost (adept DrGl)
 31458 | Snake:2  | Killed PanSaczeczos's ghost
 31537 | Snake:3  | Received a gift from Trog
 31538 | Snake:3  | Reached skill level 18 in Fighting
 31638 | Snake:3  | Reached XP level 17. HP: 160/163 MP: 12/16
 31750 | Snake:3  | HP: 82/165 [sea snake (10)]
 31755 | Snake:3  | HP: 63/165 [poisoned by a naga ritualist (toxic radiance)]
 31785 | Snake:3  | HP: 83/166 [constriction (1)]
 32579 | Snake:3  | Received a gift from Trog
 32975 | Snake:4  | Entered Level 4 of the Snake Pit
 33038 | Snake:4  | Noticed Louise
 33045 | Snake:4  | Cast into level 2 of the Abyss (Louise)
 33119 | Abyss:2  | Reached skill level 19 in Fighting
 33144 | Abyss:2  | Noticed a bone dragon
 33156 | Abyss:2  | Gained mutation: Armour fits poorly on your strangely
                  | shaped body. [a cacodemon]
 33166 | Abyss:2  | Killed a bone dragon
 33170 | Abyss:2  | HP: 83/168 [starcursed mass/accursed screaming (8)]
 33175 | Abyss:2  | HP: 52/168 [starcursed mass/accursed screaming (8)]
 33179 | Snake:4  | Escaped the Abyss
 33182 | Snake:4  | HP: 34/168 [nagaraja (13)]
 33184 | Snake:4  | Noticed Vashnia
 33186 | Snake:4  | HP: 15/168 [anaconda (8)]
 33187 | Snake:4  | HP: 2/168 [Vashnia/arrow (8)]
 33192 | Snake:4  | HP: 8/168 [salamander (9)]
 33205 | Snake:4  | HP: 29/168 [Louise/bolt of lightning (6)]
 33208 | Snake:4  | Killed Louise
 33214 | Snake:4  | HP: 46/168 [nagaraja/bolt of poison (3)]
 33229 | Snake:4  | HP: 75/168 [shock serpent/bolt of electricity (5)]
 33234 | Snake:4  | HP: 76/168 [something (7)]
 33611 | Snake:4  | Received a gift from Trog
 33616 | Snake:4  | HP: 84/168 [salamander (5)]
 33621 | Snake:4  | HP: 53/168 [poisoned by a naga warrior (splash of poison)]
 33626 | Snake:4  | HP: 43/252 [poisoned by a naga warrior (splash of poison)]
 33632 | Snake:4  | Lost mutation: Armour fits poorly on your strangely shaped
                  | body. [potion of mutation]
 33632 | Snake:4  | Gained mutation: Your body sometimes deteriorates upon
                  | taking damage. [potion of mutation]
 33763 | Snake:4  | Reached XP level 18. HP: 178/178 MP: 17/17
 33780 | Snake:4  | HP: 133/267 [constriction (3)]
 33785 | Snake:4  | HP: 118/267 [nagaraja (12)]
 33789 | Snake:4  | Received a gift from Trog
 33789 | Snake:4  | HP: 50/267 [Vashnia/arrow (31)]
 33791 | Snake:4  | HP: 2/267 [Vashnia/arrow (25)]
 33791 | Snake:4  | Shot with an arrow by Vashnia

Illustrated notes

Levels and vault maps discovered:
D:1:      scummos_arrival_hexagon, layout_basic
D:2:      layout_basic
D:3:      layout_loops_corners, elyvilon_altar_5,
          shapermc_ecumenical_altar_starsandcircs
D:4:      layout_cave_pools, mainiacjoe_overflow_six_doors_small,
          minmay_temple_entry_offerings, portal_sewer_entry_d, serial_shops,
          kennysheep_mini_moat
D:5:      layout_rooms
D:6:      layout_rooms, serial_shops, nicolae_shop_overgrown_old_shop,
          kennysheep_mini, feat_on_display
D:7:      layout_loops_ring, cheibrodos_ashenzari_chains,
          ebering_ghost_reflecting_pool, chequers_serial_rivers_marsh,
          hangedman_abyss_or_decor_stagger, uniq_maggie,
          uniq_crazy_yiuf_cottage, uniq_menkaure, uniq_pikel
D:8:      layout_loops_ring, fedhas_altar_fruit_tree,
          mainiacjoe_overflow_alcove_2, overflow_temple_1_default
D:9:      layout_small_grid, enter_bailey_3
D:10:     layout_loops_cross, zin_statuary, mainiacjoe_overflow_brackets,
          chequers_decorated_corner, hangedman_decor_lopped, st_stairs_4,
          uniq_josephine
D:11:     layout_loops_ring, lair_entry_dummy, orc_david_3, bh_walls_and_bars
D:12:     layout_irregular_city
D:13:     layout_long_grid, david_vaults_5, serial_shops, shop,
          minmay_st_funbox, minmay_statue_bubble
D:14:     layout_grid_maze, serial_shops, shop, shop, nicolae_shop_waterfront,
          nicolae_shop_crystal, nicolae_shop_stone, serial_park_fountain
D:15:     hangedman_depths_entry_try_elsewhere_first, layout_grid_maze,
          nicolae_trove_entry_isolated, chequers_big_river
Lair:1:   layout_long_grid, chequers_serial_rivers_small_a,
          nzn_sisyphean_effort, uniq_sonja
Lair:2:   layout_small_grid, chequers_serial_rivers_room_b,
          minmay_lair_oklob_chamber, grunt_megastairs_1, uniq_harold
Lair:3:   layout_chaotic_city, shoals_dummy_entry,
          minmay_snake_entry_guardpost_medium, grunt_megastairs_4
Lair:4:   layout_cave_shapes
Lair:5:   layout_regular_city, nicolae_slime_entry_slimehenge, enter_volcano_3,
          serial_bayou_pond_b
Lair:6:   evil_forest, layout_long_grid
Snake:1:  layout_chambers, nicolae_snake_gridmaze_spiral, serial_bayou_pond_d,
          minmay_shop_grove
Snake:2:  layout_chambers, gammafunk_ghost_split
Snake:3:  layout_chambers, guppyfry_snake_island
Snake:4:  grunt_snake_rune_serpentine_throne, layout_basic, nicolae_snake_bzzzt,
          serial_bayou_shore_a, uniq_louise
Orc:1:    layout_caves, basic_altar, uniq_erolcha
Orc:2:    grunt_orc_tribal_feast, layout_caves

Skill      XL: |  1  2  3  4  5  6  7  8  9 10 11 12 13 14 15 16 17 |
---------------+----------------------------------------------------+-----
Axes           | 4 5 6 7 8 10 12 13 15 16 18 | 18.0
Fighting       | 4 5 6 7 9 10 11 12 13 15 16 18 19 | 19.9
Shields        | 1 2 3 4 8 11 14 | 14.9
Armour         | 3 4 6 8 9 10 11 13 14 15 16 17 | 17.4
Evocations     | 2 4 6 8 9 10 | 10.0
Dodging        | 3 5 6 8 10 | 10.0

Action                   |  1- 3 |  4- 6 |  7- 9 | 10-12 | 13-15 | 16-18 || total
-------------------------+-------+-------+-------+-------+-------+-------++-------
Melee: Hand axe          |    77 |    45 |       |       |       |       ||   122
       Headbutt          |     9 |    21 |    34 |    74 |   243 |   200 ||   581
       War axe           |       |    84 |   184 |   249 |       |       ||   517
       Battleaxe         |       |       |       |   178 |     8 |       ||   186
       Broad axe         |       |       |       |       |   735 |   572 ||  1307
Invok: Berserk           |     4 |     3 |     4 |    15 |    10 |     3 ||    39
       Trog's Hand       |       |     1 |       |       |     5 |     1 ||     7
       Brothers in Arms  |       |       |       |     1 |       |     3 ||     4
Evoke: Wand              |       |       |       |     6 |       |       ||     6
  Use: Scroll            |       |     6 |     4 |     6 |    10 |    12 ||    38
       Potion            |       |       |       |       |       |     5 ||     5
 Stab: Petrified         |       |       |       |       |     1 |       ||     1
Armor: Leather armour    |    22 |    12 |       |       |       |       ||    34
       Chain mail        |       |    42 |    81 |   119 |   126 |   165 ||   533
       Plate armour      |       |       |       |   165 |   206 |    34 ||   405
       Acid dragon scale |       |       |       |       |     6 |       ||     6
Dodge: Dodged            |    44 |    74 |    72 |   214 |   342 |   290 ||  1036
Block: Buckler           |     6 |    29 |    27 |    66 |    98 |       ||   226
       Kite shield       |       |       |       |       |   138 |   408 ||   546
